 Dungeon Crawl Stone Soup version 0.30.1-11-g7821555f0a (webtiles) character file.

Game seed: 12280405356526329549

258695 caec the Warrior (level 19, -8/229 HPs)
             Began as a Green Draconian Transmuter on Jan 8, 2024.
             Was the Champion of Hepliaklqana.
             Killed from afar by a deep elf zephyrmancer (20 damage)
             ... with a bolt of lightning
             ... on level 2 of the Elven Halls on Jan 10, 2024.
             The game lasted 05:23:08 (52170 turns).

caec the Warrior (Green Draconian Transmuter)      Turns: 52170, Time: 05:23:09

Health: -8/229     AC: 20    Str: 28    XL:     19   Next: 13%
Magic:  13/36      EV: 15    Int: 20    God:    Hepliaklqana [******]
Gold:   2653       SH:  0    Dex: 18    Spells: 6/44 levels left

rFire   . .          .
                       - Unarmed
rCold   . . .        (shield currently unavailable)
rNeg    . . .        (body armour unavailable)
rPois   +            (helmet currently unavailable)
rElec   .            r - melded +2 cloak {rF+}
rCorr   .            F - melded +2 pair of gloves {hurl}
SInv    +            U - melded +2 pair of boots {Stlth+}
Will    +++..        L - amulet of the Empire {Rampage Regen+ MP-9 Str+4 Slay+2}
Stlth   ++           Y - ring of Harmony {*Corrode rPois Will++ Int+8 SInv}
HPRegen 1.38/turn    Q - ring of magical power
MPRegen 0.25/turn

%: corrode self (3%), rampage
@: short of breath, dragon-form, wereblooded, flying, very slightly
contaminated, studying Earth Magic
A: dragon claw, dragon scales, flying, boosted hp, reduced essence, breathe
noxious fumes, AC +10, giant, unfitting armour, stinger 1, (poison resistance),
(cold-blooded), (cold resistance 1), dopey 1, mutation resistance 1
}: 2/15 runes: decaying, serpentine
a: Breathe Noxious Fumes, End Transformation, Renounce Religion, Recall
Ancestor, Ancestor Identity, Transference, Idealise


You were on level 2 of the Elven Halls.
You worshipped Hepliaklqana.
Hepliaklqana was exalted by your worship.
You were a fearsome swamp dragon!
You visited 7 branches of the dungeon, and saw 33 of its levels.
You visited the Abyss 1 time.
You also visited: Sewer, Ossuary, Ice Cave and Volcano.

You collected 4689 gold pieces.
You spent 2036 gold pieces at shops.

Inventory:

Missiles
 s - 24 poisoned darts (quivered)
 B - 11 curare-tipped darts
 W - 4 atropa-tipped darts
Armour
 r - a +2 cloak of fire resistance (melded)
 F - a +2 pair of gloves of hurling (melded)
 U - a +2 pair of boots of stealth (melded)
Jewellery
 e - a ring of wizardry
 k - an amulet of guardian spirit
 w - a +6 ring of intelligence
 y - a ring of protection from cold
 A - a ring of protection from cold
 G - a ring of fire
 L - the amulet of the Empire (around neck) {Rampage Regen+ MP-9 Str+4 Slay+2}
   (You found it on level 1 of the Swamp)

   [amulet of regeneration]

   Str:       It affects your strength (+4).
   Slay:      It affects your accuracy & damage with ranged weapons and melee
   (+2).
   MP:        It affects your magic capacity (-9).
   Regen:     It increases your rate of health regeneration.
   Rampage:   It bestows one free step when moving towards enemies.
 P - the ring of Hil Kuan {rPois rC+}
   (You found it on level 12 of the Dungeon)

   [ring of poison resistance]

   rC:        It protects you from cold.
   rPois:     It protects you from poison.
 Q - a ring of magical power (right foreclaw)
 R - a ring of fire
 Y - the ring of Harmony (left foreclaw) {*Corrode rPois Will++ Int+8 SInv}
   (You bought it in a shop on level 4 of the Snake Pit)

   [ring of see invisible]

   Int:       It affects your intelligence (+8).
   rPois:     It protects you from poison.
   SInv:      It lets you see invisible.
   *Corrode:  It may corrode you when you take damage.
   Will:      It greatly increases your willpower.
Wands
 i - a wand of flame (4)
 o - a wand of roots (6)
 p - a wand of digging (1)
 D - a wand of polymorph (29)
 M - a wand of paralysis (15)
 N - a wand of light (23)
Scrolls
 b - 2 scrolls of brand weapon
 d - 9 scrolls of poison
 f - 5 scrolls of enchant armour
 g - 5 scrolls of fog
 j - 16 scrolls of teleportation
 z - 5 scrolls of fear
 E - 5 scrolls of butterflies
 H - 3 scrolls of enchant weapon
 I - 7 scrolls of vulnerability
 K - 3 scrolls of immolation
 S - 9 scrolls of identify
 V - a scroll of torment
 X - a scroll of magic mapping
Potions
 a - 8 potions of lignification
 c - 3 potions of berserk rage
 h - 4 potions of cancellation
 l - 26 potions of curing
 m - 2 potions of ambrosia
 n - 6 potions of attraction
 q - a potion of mutation
 t - 6 potions of haste
 u - 3 potions of might
 x - 3 potions of flight
 C - 2 potions of magic
 J - 2 potions of invisibility
 T - 4 potions of brilliance
Miscellaneous
 O - a lightning rod (4/4)


   Skills:
 + Level 15.3 Fighting
 + Level 13.0 Dodging
 + Level 14.2 Unarmed Combat
 + Level 13.0 Spellcasting
 - Level 4.0 Conjurations
 * Level 15.2 Transmutations
 + Level 14.4 Earth Magic
 + Level 14.7 Poison Magic
 - Level 5.0 Invocations
 - Level 5.1 Evocations


You had 6 spell levels left.
You knew the following spells:

 Your Spells              Type           Power      Damage    Failure   Level
a - Stone Arrow           Conj/Erth      98%        3d13      1%          3
b - Wereblood             Tmut           65%        N/A       0%          2
c - Blade Hands           Tmut           32%        N/A       1%          5
d - Dragon Form           Tmut           32%        N/A       9%          7
e - Alistair's Intoxicat  Tmut/Pois      42%        N/A       1%          5
f - Eringya's Noxious Bo  Tmut/Pois      32%        N/A       1%          6
g - Yara's Violent Unrav  Hex/Tmut       21%        3d10      6%          5
h - Irradiate             Conj/Tmut      25%        3d20      2%          5

Your spell library contained the following spells:

 Spells                   Type           Power      Damage    Failure   Level
 Beastly Appendage        Tmut           100%       N/A       0%          1
 Cigotuvi's Dreadful Rot  Necr/Pois/Air  64%        N/A       1%          2
 Spider Form              Tmut/Pois      64%        N/A       1%          3
 Olgreb's Toxic Radiance  Pois           64%        N/A       1%          4
 Foxfire                  Conj/Fire      84%        2x1d8     2%          1
 Shock                    Conj/Air       84%        1d8       2%          1
 Ice Form                 Ice/Tmut       43%        N/A       2%          4
 Static Discharge         Conj/Air       42%        2-4/arc   3%          2
 Apportation              Tloc           26%        N/A       4%          1
 Freeze                   Ice            52%        1d6       4%          1
 Necrotise                Necr           52%        1d6       4%          1
 Summon Small Mammal      Summ           52%        N/A       4%          1
 Hailstorm                Conj/Ice       21%        3d6       7%          3
 Scorch                   Fire           26%        2d6       8%          2
 Borgnjor's Vile Clutch   Necr/Erth      20%        N/A       8%          5
 Frozen Ramparts          Ice            26%        1d4       16%         3
 Gell's Gravitas          Tloc           13%        N/A       16%         3
 Inner Flame              Hex/Fire       13%        N/A       16%         3
 Portal Projectile        Hex/Tloc       26%        N/A       16%         3
 Summon Guardian Golem    Hex/Summ       13%        N/A       16%         3
 Swiftness                Air            13%        N/A       16%         3
 Teleport Other           Tloc           13%        N/A       16%         3
 Tukima's Dance           Hex            13%        N/A       16%         3
 Flame Wave               Conj/Fire      21%        2d8       22%         4
 Sticky Flame             Conj/Fire      21%        2d4       22%         4
 Airstrike                Air            6%         2d(1-17)  45%         4
 Animate Dead             Necr           13%        N/A       45%         4
 Dispel Undead            Necr           13%        3d9       45%         4
 Manifold Assault         Tloc           13%        N/A       45%         4
 Passage of Golubria      Tloc           13%        N/A       45%         4
 Summon Ice Beast         Ice/Summ       13%        N/A       45%         4
 Summon Lightning Spire   Summ/Air       13%        N/A       45%         4
 Fireball                 Conj/Fire      10%        3d6       52%         5
 Silence                  Hex/Air        6%         N/A       80%         5
 Summon Forest            Summ/Tloc      6%         N/A       80%         5
 Starburst                Conj/Fire      10%        6d5       98%         6
 Death Channel            Necr           6%         N/A       100%        6
 Dispersal                Tloc           6%         N/A       100%        6
 Plasma Beam              Fire/Air       6%         2x1d18    100%        6
 Summon Cactus Giant      Summ           6%         N/A       100%        6
 Storm Form               Tmut/Air       21%        N/A       88%         7
 Enfeeble                 Hex            6%         N/A       100%        7
 Orb of Destruction       Conj           14%        9d7       100%        7
 Spellforged Servitor     Conj/Summ      10%        N/A       100%        7
 Discord                  Hex            6%         N/A       100%        8
 Disjunction              Tloc           6%         N/A       100%        8
 Ignition                 Fire           6%         3d4       100%        8
 Lehudib's Crystal Spear  Conj/Erth      24%        10d7      100%        8
 Maxwell's Capacitive Co  Air            6%         ∞         100%        8
 Animate Armour           Summ/Erth      Unusable   N/A       N/A         4

Dungeon Overview and Level Annotations

Branches:
Dungeon (15/15)            Temple (1/1) D:7            Lair (5/5) D:8
  Swamp (4/4) Lair:2        Snake (4/4) Lair:3        Slime (0/5) Lair:5
    Orc (2/2) D:11            Elf (2/3) Orc:2        Vaults (0/5) D:14
 Depths (0/4) D:15          Sewer (visited)         Ossuary (visited)
  IceCv (visited)         Volcano (visited)

Altars:
Ashenzari
Cheibriados
Dithmenos
Elyvilon
Fedhas
Gozag
Hepliaklqana
Kikubaaqudgha
Nemelex Xobeh
Okawaru
Qazlal
Ru
Sif Muna
Trog
Uskayaw
Vehumet
Wu Jian
Xom
Yredelemnul
Zin
The Shining One
Jiyva

Shops:
D:3 :   D:4 ?   Orc:2 [[:[   Elf:1 :((*   Snake:4 =::=

Portals:
Abyss: D:4

Annotations:
D:10 exclusion: troll
Temple 2 transporters


Innate Abilities, Weirdness & Mutations

You are a fearsome swamp dragon!
You have a powerful clawing attack.
Your giant scaled body is strong and resiliant, but less evasive.
Your breath weapon is enhanced in this form.
You are flying.
Your maximum health is greatly increased.
Your armour is entirely melded.
You are incapable of wielding weapons or throwing items.
Your life essence is reduced to manifest your ancestor. (-10% HP)
You can breathe blasts of noxious fumes.
Your lurid green scales are hard. (AC +10)
You cannot fit into any form of body armour.
Your tail ends in a venomous barb.
((Your system is resistant to poisons. (rPois)))
((You are cold-blooded and may be slowed by cold attacks.))
((Your flesh is cold resistant. (rC+)))
You are dopey. (Int -2)
You are somewhat resistant to further mutation.


Message History

The deep elf zephyrmancer festers in the toxic bog!
The deep elf zephyrmancer looks as sick as possible!
The deep elf death mage is engulfed in noxious fumes.
The +3 broad axe of flaming hits you!
* * * LOW HITPOINT WARNING * * *
The +3 broad axe of flaming burns you.
* * * LOW HITPOINT WARNING * * *
Unknown command.
Your noxious spew wanes.
The +3 broad axe of flaming hits you!
* * * LOW HITPOINT WARNING * * *
The +3 broad axe of flaming burns you.
* * * LOW HITPOINT WARNING * * *
Things that are here:
a +4 short sword; a +0 leather armour You feel much better.
The world stops spinning.
The +3 broad axe of flaming barely misses you.
Zoran blocks the +3 broad axe of flaming's attack.
Zoran barely misses the +3 broad axe of flaming.
Zoran completely misses the deep elf zephyrmancer.
The deep elf knight gestures at you while chanting.
The shard of ice hits you!!!
* * * LOW HITPOINT WARNING * * *
A deep elf knight comes into view. It is wielding a +0 scimitar.
Unknown command.
Unknown command.
Blink to where?
Press: ? - help, Dir - move target
As you read the scroll of blinking, it crumbles to dust.
The deep elf zephyrmancer casts a spell at you.
The bolt of lightning misses you.
Zoran hits the +3 broad axe of flaming with a +0 broad axe of flaming.
Zoran closely misses the deep elf zephyrmancer.
Zoran barely misses the deep elf pyromancer.
The deep elf zephyrmancer points at you and mumbles some strange words.
The bolt of lightning hits the +3 broad axe of flaming.
The +3 broad axe of flaming completely resists.
The bolt of lightning hits you!!
You die...

.'..'...R.)..>#
...
####e.§ee....#
... #.)(......#
... ##.).....##
>e ##'#.....##
## ##.#####+##
##.##.##
##...'##
##....D##
###.......##
..)........#
##.......##
##.....##
##...#'##
##.###.## ###
## ##.####+###
#.# ##'#.....##


You could see a deep elf zephyrmancer (extremely poisoned) and a +3 broad axe of
flaming (distracted).

Vanquished Creatures
  Bai Suzhen (Snake:4)
  A bone dragon (Swamp:4)
  2 tentacled monstrosities
  Asterion (Snake:3)
  3 tentacled starspawn (Abyss:2)
  Agnes (Snake:2)
  Kirke (Swamp:4)
  8 nagarajas
  A deep elf sorcerer (Elf:2)
  Aizul (Snake:1)
  A deep elf elementalist (Elf:1)
  5 very ugly things (Abyss:2)
  An ironbound preserver (D:14)
  A deep elf annihilator (Elf:1)
  2 eleionomae
  2 green draconians (Swamp:1)
  4 dire elephants (Lair:5)
  4 bunyips
  An ettin (D:15)
  2 blizzard demons (IceCv)
  An ice dragon (Swamp:2)
  A caustic shrike simulacrum (IceCv)
  Erica (D:11)
  A ghost crab (Swamp:4)
  3 salamander tyrants
  2 catoblepae
  2 boulder beetles
  A death knight (D:15)
  2 two-headed ogres
  8 naga warriors
  7 hydras
  7 dancing weapons
  5 anacondas
  2 alligators
  6 centaur warriors
  3 tengu warriors
  7 orc high priests (Orc:2)
  5 death yaks
  10 naga sharpshooters
  Sonja (Lair:4)
  7 deep elf knights
  7 shock serpents
  A wretched star (Abyss:2)
  A spectral death yak (Lair:5)
  7 salamander mystics
  A skeletal warrior (D:14)
  A spectral anaconda (Lair:5)
  3 skysharks
  5 sea snakes (Snake:2)
  A glowing orange brain (Abyss:2)
  2 deep trolls (D:15)
  4 swamp dragons
  A spriggan druid (Swamp:4)
  A swamp dragon (shapeshifter) (D:15)
  2 spriggan simulacra (IceCv)
  2 naga ritualists
  4 spectral hydras (Swamp:4)
  8 bog bodies
  12 deep elf pyromancers
  6 necromancers
  An obsidian statue (IceCv)
  5 deep elf archers
  A wizard (D:15)
  2 lindwurms (Volcano)
  A phantasmal warrior (Swamp:4)
  10 deep elf zephyrmancers
  A harpy (shapeshifter) (D:15)
  An oklob plant (Swamp:4)
  6 mana vipers
  A wolf spider (D:15)
  4 ugly things
  3 orc sorcerers
  A will-o-the-wisp (Swamp:2)
  An orc knight (Orc:2)
  13 salamanders
  5 manticores
  5 cyclopes
  20 elephants
  18 naga magi
  20 black mambas
  2 molten gargoyles (Volcano)
  A gargoyle (D:12)
  2 smoke demons (Abyss:2)
  A dire elephant zombie (Lair:5)
  2 guardian serpents
  12 cane toads
  8 efreet
  2 kobold demonologists
  A rime drake (shapeshifter) (D:15)
  A centaur skeleton (Abyss:2)
  3 freezing wraiths (IceCv)
  5 komodo dragons
  2 tengu conjurers
  A swamp worm zombie (Swamp:4)
  An unseen horror (D:11)
  6 ice devils (IceCv)
  An ancient zyme (Abyss:2)
  A golden dragon simulacrum (IceCv)
  A komodo dragon (shapeshifter) (Elf:2)
  An anaconda simulacrum (IceCv)
  5 trolls
  3 bloated husks
  2 polar bears
  4 meliai (D:14)
  10 tyrant leeches
  Grinder (D:5)
  5 hydra zombies (Swamp:4)
  A queen bee (D:10)
  6 blink frogs
  2 raiju (Abyss:2)
  7 hornets
  6 alligator zombies (Swamp:4)
  10 slime creatures
  An air elemental (Elf:1)
  2 spectral elephants (Lair:5)
  2 shadows
  5 wyverns
  A basilisk (shapeshifter) (D:15)
  A vampire (D:9)
  A dire elephant simulacrum (IceCv)
  36 yaks
  5 spriggans
  5 wraiths
  5 fire elementals
  A starcursed mass (Abyss:2)
  A steam dragon (D:8)
  5 basilisks
  A neqoxec (Abyss:2)
  A death yak simulacrum (Lair:5)
  7 minotaur simulacra (IceCv)
  13 vampire mosquitoes
  4 wargs (Orc:2)
  Edmund (D:4)
  2 spectral cane toads (Lair:5)
  A harpy simulacrum (IceCv)
  13 swamp worms
  A hydra simulacrum (IceCv)
  33 nagas
  9 water moccasins
  A large abomination (Abyss:2)
  18 orc warriors
  Pargi (D:3)
  4 swamp drakes
  A sky beast (D:8)
  A meliai simulacrum (D:15)
  2 elephant zombies (Lair:5)
  A swamp dragon zombie (Swamp:4)
  2 black bears
  4 ogres
  An ettin simulacrum (IceCv)
  11 centaurs
  27 wolves
  5 kobold brigands
  5 phantoms
  7 bullfrogs
  Blork the orc (D:6)
  6 scorpions
  The ghost of Skaggerston the Digger, an amateur FeEE (D:4)
  3 deep troll simulacra (IceCv)
  A cane toad simulacrum (Lair:5)
  2 earth elementals
  8 wights (D:8)
  An elephant simulacrum (Lair:5)
  20 killer bees
  7 howler monkeys
  6 electric eels
  A quasit (Abyss:2)
  5 hounds
  27 orc priests
  3 jellies
  3 iron imps (Abyss:2)
  A sleepcap (D:6)
  Jessica (D:3)
  3 iguanas
  22 orc wizards
  A spectral swamp drake (Swamp:4)
  A hell rat (D:8)
  3 yak simulacra (Lair:2)
  3 polar bear simulacra (Lair:2)
  3 small abominations
  8 mummies (Ossuary)
  A gnoll (D:5)
  A swamp drake zombie (Swamp:4)
  14 adders
  3 river rats
  A shadow imp (D:8)
  3 white imps
  An ufetubus (D:4)
  6 worms
  4 dart slugs
  95 orcs
  8 endoplasms
  2 giant cockroaches
  3 gnoll zombies (Ossuary)
  5 goblins
  7 hobgoblins
  6 jackals
  8 quokkas
  16 ball pythons
  6 bats
  11 frilled lizards
  3 hobgoblin zombies (Ossuary)
  24 kobolds
  2 orc zombies (Ossuary)
  10 rats
  2 river rat simulacra (Lair:2)
  A starspawn tentacle (Abyss:2)
1061 creatures vanquished.

Vanquished Creatures (collateral kills)
  Donald (Swamp:1)
  Louise (Swamp:1)
  A very ugly thing (Abyss:2)
  2 bunyips
  Josephine (Lair:4)
  A salamander tyrant (Snake:3)
  3 hydras (Swamp:1)
  3 anacondas
  A boulder beetle (D:14)
  2 naga warriors (Snake:1)
  Urug (Orc:2)
  2 orc high priests (Orc:2)
  A death yak (Lair:4)
  A shock serpent (Snake:3)
  A naga sharpshooter (Snake:3)
  A deep elf knight (Elf:2)
  2 salamander mystics (Snake:2)
  A sea snake (Snake:2)
  3 bog bodies
  A spriggan druid (Swamp:2)
  3 swamp dragons
  4 spriggan simulacra (IceCv)
  A deep elf archer (Elf:2)
  A lindwurm (Orc:1)
  A wizard (D:13)
  3 naga ritualists
  An obsidian statue (Lair:5)
  A deep elf pyromancer (D:13)
  An ugly thing (D:13)
  2 salamanders
  2 will-o-the-wisps (Swamp:4)
  3 elephants
  2 smoke demons (Abyss:2)
  A cane toad (Lair:3)
  9 black mambas
  A naga mage (Snake:3)
  2 molten gargoyles (Volcano)
  A kobold demonologist (D:12)
  2 rime drakes (Lair:5)
  A swamp worm zombie (Swamp:4)
  Psyche (D:11)
  A komodo dragon (D:11)
  5 ice devils (IceCv)
  An efreet (D:10)
  2 freezing wraiths (IceCv)
  2 tyrant leeches
  A meliai (D:14)
  A hydra zombie (Swamp:4)
  3 trolls
  3 hornets
  A spectral elephant (Lair:5)
  A blink frog (Lair:4)
  A slime creature (shapeshifter) (Abyss:2)
  A large abomination (Abyss:2)
  8 slime creatures
  A wraith (D:11)
  5 yaks
  4 spriggans
  A wyvern (Lair:5)
  A starcursed mass (Abyss:2)
  4 hogs (Swamp:4)
  3 basilisks
  4 golden eyes (Abyss:2)
  12 vampire mosquitoes
  3 minotaur simulacra (IceCv)
  2 wargs (Orc:2)
  14 nagas
  3 swamp worms
  An acid dragon (D:12)
  A water moccasin (Lair:5)
  A black bear (Lair:4)
  2 orc warriors (Orc:1)
  A swamp drake (D:11)
  An alligator simulacrum (IceCv)
  An elephant zombie (Lair:5)
  2 ogres
  A wolf (Lair:5)
  2 elephant skeletons (Lair:5)
  A centaur (D:13)
  2 phantoms (Swamp:4)
  3 bullfrogs
  3 deep troll simulacra (IceCv)
  7 killer bees
  An elephant simulacrum (Lair:5)
  2 howler monkeys
  2 electric eels (Lair:2)
  9 orc priests (Orc:2)
  A spectral swamp drake (Swamp:4)
  2 orc wizards
  A yak simulacrum (Lair:2)
  A river rat (D:8)
  A swamp drake zombie (Swamp:4)
  2 white imps (Abyss:2)
  16 orcs
  3 kobolds
  2 river rat simulacra (Lair:2)
  A fire vortex (Volcano)
  A lurking horror (Abyss:2)
235 creatures vanquished.

Vanquished Creatures (others)
  A ghost crab (Swamp:4)
  A molten gargoyle (Volcano)
  4 bloated husks
  A slime creature (D:15)
  3 hogs (Swamp:4)
  2 electric eels
  32 knights
  An orc priest (Orc:2)
  9 ancestors
  4 fire vortices (Volcano)
  24 foxfires
  6 starspawn tentacles (Abyss:2)
88 creatures vanquished.

Grand Total: 1384 creatures vanquished

Notes
Turn   | Place    | Note
-------+----------+-------------------------------------------
     0 | D:1      | caec the Draconian Transmuter began the quest for the Orb.
     0 | D:1      | Reached XP level 1. HP: 16/16 MP: 3/3
   182 | D:1      | Reached XP level 2. HP: 19/23 MP: 3/5
   185 | D:1      | Learned a level 2 spell: Wereblood
   512 | D:1      | Found a faded altar of an unknown god.
  1002 | D:1      | Reached XP level 3. HP: 29/29 MP: 4/6
  1151 | D:2      | Found a basalt altar of Yredelemnul.
  2363 | D:3      | Noticed a scorpion
  2370 | D:3      | Killed a scorpion
  2371 | D:3      | Reached XP level 4. HP: 35/37 MP: 3/8
  2412 | D:3      | Reached XP level 5. HP: 42/42 MP: 6/9
  2600 | D:3      | Noticed Pargi
  2603 | D:3      | Killed Pargi
  2838 | D:3      | Found an ornate altar of the Wu Jian Council.
  2960 | D:3      | Found Cukiluol's Book Shoppe.
  2971 | D:3      | Noticed Jessica
  2975 | D:3      | Killed Jessica
  2976 | D:3      | Reached XP level 6. HP: 51/51 MP: 10/10
  3234 | D:3      | Learned a level 3 spell: Spider Form
  3284 | D:4      | Found Kenulic's Magic Scroll Emporium.
  3287 | D:4      | Bought a scroll of identify for 22 gold pieces
  3287 | D:4      | Bought a scroll of noise for 11 gold pieces
  3287 | D:4      | Bought a scroll of blinking for 82 gold pieces
  3466 | D:4      | Noticed a small abomination
  3599 | D:4      | Noticed Edmund
  3609 | D:4      | Killed Edmund
  3610 | D:4      | Your scales start taking on a lurid green colour.
  3610 | D:4      | Reached XP level 7. HP: 58/58 MP: 8/12
  3610 | D:4      | Gained mutation: Your system is resistant to poisons.
                  | (rPois) [Green Draconian growth]
  3733 | D:4      | Found a broken altar of Ashenzari.
  3866 | D:4      | Found a glowing drain.
  3875 | Sewer    | Entered a sewer
  4943 | D:4      | Reached skill level 5 in Unarmed Combat
  5225 | D:4      | Found a transporter.
  5386 | D:4      | Found a transporter.
  5567 | D:4      | Noticed Skaggerston's ghost (amateur FeEE)
  5613 | D:5      | Entered Level 5 of the Dungeon
  5888 | D:5      | Reached XP level 8. HP: 60/65 MP: 8/14
  6085 | D:5      | Noticed Grinder
  6361 | D:5      | Reached skill level 5 in Fighting
  6361 | D:5      | Found a large runed translucent door.
  6362 | D:5      | Found a large runed translucent door.
  6496 | D:5      | Reached skill level 5 in Transmutations
  6533 | D:5      | Paralysed by Grinder for 5 turns
  6552 | D:5      | Killed Grinder
  6687 | D:5      | Found the +1 Delatra's gloves {ID++}
  6995 | D:5      | Found a hide-covered altar of Uskayaw.
  7005 | D:5      | Reached skill level 5 in Spellcasting
  7012 | D:5      | Found a shimmering blue altar of Sif Muna.
  7120 | D:6      | Reached skill level 5 in Dodging
  7235 | D:6      | Noticed Blork the orc
  7252 | D:6      | Reached XP level 9. HP: 75/75 MP: 12/16
  7258 | D:6      | Killed Blork the orc
  7629 | D:6      | Learned a level 4 spell: Ice Form
  7822 | D:6      | Found a white marble altar of Elyvilon.
  8193 | D:7      | Paralysed by a hornet for 1 turns
  8244 | D:7      | Found a snail-covered altar of Cheibriados.
  8442 | D:7      | Found a staircase to the Ecumenical Temple.
  8449 | Temple   | Entered the Ecumenical Temple
  8449 | Temple   | Found a transporter.
  8449 | Temple   | Found a transporter.
  8451 | Temple   | Found a transporter.
  8451 | Temple   | Found a transporter.
  8464 | Temple   | Became a worshipper of Hepliaklqana the Forgotten
  8544 | D:7      | Reached XP level 10. HP: 72/86 MP: 10/19
  8636 | D:7      | Found a radiant altar of Vehumet.
  8681 | D:7      | Found a blossoming altar of Fedhas.
  8682 | D:7      | Found a glowing silver altar of Zin.
  8910 | D:8      | Found a staircase to the Lair.
  8910 | D:8      | Noticed a death yak
  8910 | D:8      | Noticed a death yak
  8910 | D:8      | Noticed a death yak
  8938 | D:8      | Killed a death yak
  9032 | D:8      | Killed a death yak
  9176 | D:8      | Found a sand-covered staircase.
  9183 | Ossuary  | Entered an ossuary
  9221 | Ossuary  | Reached * piety under Hepliaklqana
  9451 | D:8      | Gained mutation: You are robust. (+10% HP) [potion of
                  | mutation]
  9451 | D:8      | Gained mutation: Your muscles are strong. (Str +4, Int/Dex
                  | -1) [potion of mutation]
 10048 | D:8      | Killed a death yak
 10049 | D:8      | Reached XP level 11. HP: 59/95 MP: 3/21
 10782 | Lair:1   | Entered Level 1 of the Lair of Beasts
 11655 | Lair:1   | Reached skill level 1 in Poison Magic
 11990 | Lair:2   | Reached skill level 1 in Evocations
 12070 | Lair:2   | Noticed a boulder beetle
 12344 | Lair:2   | Killed a boulder beetle
 12410 | Lair:2   | Reached XP level 12. HP: 105/105 MP: 24/24
 12516 | Lair:2   | Noticed an eight-headed hydra
 12529 | Lair:2   | Killed an eight-headed hydra
 12947 | Lair:2   | Learned a level 5 spell: Alistair's Intoxication
 12967 | Lair:2   | Reached ** piety under Hepliaklqana
 12968 | Lair:2   | Remembered your ancestor Zoran as a knight
 13694 | Lair:2   | Found a staircase to the Swamp.
 13703 | Lair:2   | Reached skill level 5 in Poison Magic
 13948 | Lair:2   | Reached skill level 10 in Fighting
 14250 | Lair:3   | Found a staircase to the Snake Pit.
 14318 | Lair:3   | Noticed a catoblepas
 14835 | Lair:3   | Identified a scroll of acquirement
 14836 | Lair:3   | Acquired 896 gold pieces
 14906 | Lair:3   | Killed a catoblepas
 15226 | Lair:3   | Reached *** piety under Hepliaklqana
 15828 | Lair:4   | Found the +9 scales of the Dragon King {rPois rF+ rC+
                  | Will+}
 15886 | Lair:4   | Noticed a six-headed hydra
 15893 | Lair:4   | Killed a six-headed hydra
 15921 | Lair:4   | Reached XP level 13. HP: 114/114 MP: 21/26
 15997 | Lair:4   | Reached skill level 10 in Unarmed Combat
 16114 | Lair:4   | Noticed Josephine
 16135 | Lair:4   | Killed Josephine
 16614 | Lair:4   | Noticed Sonja
 16626 | Lair:4   | Killed Sonja
 16863 | Lair:4   | Learned a level 6 spell: Eringya's Noxious Bog
 16864 | Lair:5   | Entered Level 5 of the Lair of Beasts
 17416 | Lair:4   | Reached skill level 10 in Transmutations
 17647 | Lair:5   | Reached skill level 5 in Evocations
 18196 | Lair:5   | Found a staircase to the Slime Pits.
 18196 | Lair:5   | Found a viscous altar of Jiyva.
 18350 | Lair:5   | Noticed a dire elephant
 18350 | Lair:5   | Noticed a dire elephant
 18350 | Lair:5   | Noticed a dire elephant
 18355 | Lair:5   | Noticed a dire elephant
 18380 | Lair:5   | Killed a dire elephant
 18722 | Lair:5   | Reached **** piety under Hepliaklqana
 18967 | Lair:5   | Found the +8 storm bow {elec, penet}
 19310 | Lair:5   | Gained mutation: Your tail ends in a venomous barb. [Green
                  | Draconian growth]
 19310 | Lair:5   | Reached XP level 14. HP: 120/124 MP: 15/27
 19539 | Lair:5   | Learned a level 5 spell: Yara's Violent Unravelling
 20002 | Lair:5   | Reached skill level 10 in Poison Magic
 20195 | Lair:5   | Identified the +7 short sword of Truth {protect, Drain rC+
                  | Stlth+}
 21416 | D:10     | Entered Level 10 of the Dungeon
 21658 | D:10     | Reached skill level 10 in Spellcasting
 21705 | D:10     | Identified the +10 trident of Elumy {heavy, rC+ Str+3
                  | Stlth+}
 22893 | D:11     | Reached skill level 10 in Dodging
 22969 | D:11     | Noticed Psyche
 22977 | D:11     | Killed Psyche
 23176 | D:11     | Noticed Erica
 23189 | D:11     | Killed Erica
 23846 | D:11     | Found a staircase to the Orcish Mines.
 23872 | D:11     | Reached ***** piety under Hepliaklqana
 23945 | Orc:1    | Entered Level 1 of the Orcish Mines
 24015 | Orc:1    | Found a dark tunnel.
 24100 | Volcano  | Entered a volcano
 25393 | Orc:2    | Entered Level 2 of the Orcish Mines
 25483 | Orc:2    | Found a staircase to the Elven Halls.
 26011 | Orc:2    | Noticed Urug
 26023 | Orc:2    | Gained mutation: You are dopey. (Int -2) [a neqoxec]
 26024 | Orc:2    | Gained mutation: You have hidden genetic defects. [a
                  | neqoxec]
 26176 | Orc:2    | Killed Urug
 26854 | Orc:2    | Paralysed by an orc sorcerer for 4 turns
 27083 | Orc:2    | Reached XP level 15. HP: 118/132 MP: 13/29
 27238 | Orc:2    | Found Xehez's Armour Shop.
 27238 | Orc:2    | Found Qootu's Antique Armour Shoppe.
 27278 | Orc:2    | Found Osoesu Mobe's Book Shop.
 27278 | Orc:2    | Found Woete's Armour Shoppe.
 27814 | D:12     | Identified the ring of Hil Kuan {rPois rC+}
 27912 | D:12     | Gained mutation: Your magical capacity is low. (-10% MP)
                  | [hidden defects]
 28169 | D:12     | Lost mutation: Your muscles are strong. (Str +4, Int/Dex
                  | -1) [potion of mutation]
 28169 | D:12     | Lost mutation: You have hidden genetic defects. [potion of
                  | mutation]
 28169 | D:12     | Gained mutation: You are somewhat resistant to further
                  | mutation. [potion of mutation]
 28312 | D:12     | Learned a level 3 spell: Stone Arrow
 28453 | Orc:2    | Bought a manual of Earth Magic for 960 gold pieces
 28602 | D:12     | Reached skill level 1 in Earth Magic
 28725 | D:12     | Lost mutation: Your magical capacity is low. (-10% MP)
                  | [potion of mutation]
 28725 | D:12     | Lost mutation: You are robust. (+10% HP) [potion of
                  | mutation]
 28725 | D:12     | Gained mutation: Your flesh is cold resistant. (rC+)
                  | [potion of mutation]
 29262 | D:13     | Got Kysuiniq's Parchment of Combed Thunderclap
 29273 | D:13     | Got Huscheu's Anthology of Sand
 29283 | D:13     | Got Sif Muna's Papyrus of Dhcmrlchtdj
 30537 | Snake:1  | Entered Level 1 of the Snake Pit
 30553 | Snake:1  | Reached skill level 1 in Conjurations
 30950 | Snake:1  | Reached skill level 1 in Invocations
 31391 | Snake:1  | Reached skill level 5 in Earth Magic
 31807 | Snake:1  | Noticed Aizul
 31835 | Snake:1  | Killed Aizul
 33211 | Snake:2  | Noticed Agnes
 33881 | Snake:2  | Reached XP level 16. HP: 115/128 MP: 14/31
 33891 | Snake:2  | Killed Agnes
 34123 | Snake:2  | Reached ****** piety under Hepliaklqana
 35473 | Snake:3  | Noticed Asterion
 35589 | Swamp:1  | Entered Level 1 of the Swamp
 35754 | Swamp:1  | Noticed Louise
 35769 | Swamp:1  | Killed Louise
 36209 | Swamp:1  | You fall into a shaft and drop 1 floor!
 36610 | Swamp:2  | Found a frozen archway.
 36616 | IceCv    | Entered an ice cave
 37990 | IceCv    | Identified the +2 great sword "Omaimuj" {freeze, Str+2}
 38341 | IceCv    | Reached skill level 10 in Earth Magic
 38458 | IceCv    | Acquired a book of Weapons
 38466 | IceCv    | Learned a level 5 spell: Blade Hands
 38477 | IceCv    | Identified the +8 scimitar of Uncomfortable Rashes {holy,
                  | Str+3}
 39244 | Swamp:1  | Reached skill level 5 in Invocations
 39251 | Swamp:1  | Identified the amulet of the Empire {Rampage Regen+ MP-9
                  | Str+4 Slay+2}
 39449 | Swamp:1  | Noticed Donald
 39470 | Swamp:1  | Killed Donald
 40605 | Swamp:3  | Reached XP level 17. HP: 134/135 MP: 27/32
 40657 | Swamp:3  | Noticed a tentacled monstrosity
 40872 | Swamp:3  | Noticed a tentacled monstrosity
 40881 | Swamp:3  | Killed a tentacled monstrosity
 41042 | Swamp:2  | Killed a tentacled monstrosity
 41652 | Swamp:4  | Entered Level 4 of the Swamp
 42660 | Swamp:4  | Noticed Kirke
 42671 | Swamp:4  | Killed Kirke
 43497 | Swamp:4  | Noticed a bone dragon
 43507 | Swamp:4  | Killed a bone dragon
 43572 | Swamp:4  | Got a decaying rune of Zot
 44099 | Snake:3  | Killed Asterion
 44820 | Snake:3  | Identified the +5 rapier of Tymojul {flame, rElec Str+5
                  | Stlth-}
 45546 | Snake:3  | Learned a level 7 spell: Dragon Form
 45721 | D:4      | Bought a scroll of amnesia for 44 gold pieces
 45721 | D:4      | Bought a scroll of fog for 44 gold pieces
 45825 | D:4      | Killed Skaggerston's ghost
 45833 | D:4      | Found a one-way gate to the infinite horrors of the Abyss.
 46174 | D:14     | Learned a level 5 spell: Irradiate
 46218 | D:14     | Found an iron altar of Okawaru.
 46345 | D:14     | Found a snail-covered altar of Cheibriados.
 46759 | D:14     | Found a gate to the Vaults.
 47056 | D:15     | Entered Level 15 of the Dungeon
 47295 | D:15     | Found a stormy altar of Qazlal.
 47416 | Abyss:2  | Cast into level 2 of the Abyss (a wizard)
 47684 | Abyss:2  | Noticed a lich
 47685 | Abyss:2  | Reached XP level 18. HP: 144/144 MP: 34/34
 47808 | Abyss:2  | Found a corrupted altar of Lugonu.
 48198 | D:15     | Escaped the Abyss
 48861 | D:15     | Found a staircase to the Depths.
 49535 | Snake:4  | Entered Level 4 of the Snake Pit
 49661 | Snake:4  | Found Das Usolyisa's One-of-a-Kind Rings.
 49871 | Snake:4  | Found Sotouble's Jewellery Shop.
 49871 | Snake:4  | Found Nouluar's Book Shoppe.
 49872 | Snake:4  | Found Kuered's Book Shoppe.
 49973 | Snake:4  | Noticed Bai Suzhen
 50087 | Snake:4  | Killed Bai Suzhen
 50096 | Snake:4  | Reached skill level 15 in Fighting
 50500 | Snake:4  | Got a serpentine rune of Zot
 50704 | Snake:4  | Bought the ring of Harmony {*Corrode rPois Will++ Int+8
                  | SInv} for 873 gold pieces
 51027 | Elf:1    | Entered Level 1 of the Elven Halls
 51274 | Elf:1    | Found Taitotem's Book Shop.
 51276 | Elf:1    | Found Sihewa's Weapon Boutique.
 51278 | Elf:1    | Found Sirywnoecw's Weapon Shop.
 51314 | Elf:1    | Reached skill level 15 in Transmutations
 51500 | Elf:1    | Found Emuoroun's Assorted Antiques.
 51511 | Elf:1    | Paralysed by an air elemental for 1 turns
 51854 | Elf:1    | Identified the +1 robe "Wuggezun" {Will+ Regen+ Int+3
                  | Dex-3}
 52059 | Elf:2    | Reached XP level 19. HP: 153/153 MP: 26/36
 52168 | Elf:2    | HP: 10/229 [deep elf knight/shard of ice (41)]
 52170 | Elf:2    | Killed from afar by a deep elf zephyrmancer

Illustrated notes

Levels and vault maps discovered:
D:1:      erik_arrival_orb_chamber, layout_basic,
          shapermc_ecumenical_altar_petra, nrook_uturn, minivault_14,
          minmay_pentomino_w4
D:2:      layout_basic, basic_altar, minmay_puff
D:3:      layout_basic, nicolae_wu_jian_immortal_techniques, serial_shops,
          nicolae_shop_pleasant_corner_grove, uniq_jessica, uniq_pargi
D:4:      layout_layer_cave, ashenzari_altar_1, gammafunk_ghost_abyssal_escape,
          lightli_sewer_entry_pipes, serial_bayou_pond_d, nicolae_stop_n_shop_2,
          st_stairs_4, uniq_edmund
D:5:      layout_basic, jmf_multi_god_temple2, pf_guarded_unrand_delatra,
          uniq_grinder
D:6:      layout_cave_pools, elyvilon_altar_4, uniq_blork_the_orc
D:7:      layout_rooms, nicolae_vehumet_radiance,
          nicolae_overflow_hidden_temple, mainiacjoe_overflow_boulevard,
          minmay_temple_entry_slanted, lightli_orcish_oven
D:8:      layout_gridville, dpeg_lair_monsters, nicolae_ossuary_entry_ruins
D:9:      layout_small_grid, nicolae_titane
D:10:     minmay_distorted_concentric_squares, layout_long_grid,
          nicolae_hexahallways, hangedman_decor_slide_cut,
          nicolae_looking_at_the_future
D:11:     layout_loops_ring, erik_orc_1, uniq_psyche, uniq_erica
D:12:     layout_rooms, minivault_24
D:13:     layout_small_grid, bh_hangedman_babel_library
D:14:     layout_loops_ring, skrybe_vaults_entry_preservation,
          okawaru_metal_pillars_1_2, cheibriados_altar_1
D:15:     hangedman_depths_entry_civil_slaughter, layout_rooms,
          nicolae_qazlal_scattered_showers, nrook_mini_backslash,
          minmay_alternating_orb
Temple:   hellmonk_temple_divided_pantheon
Lair:1:   layout_hall_layers
Lair:2:   layout_gridlike, nicolae_swamp_entry_splash_gauntlet,
          grunt_forest_small_clearings, nicolae_quartered_pool_medium,
          eino_house_with_fridge, grunt_megastairs_1
Lair:3:   layout_regular_city, minmay_snake_entry_guardpost_small,
          serial_bayou_shore_b, serial_bayou_shore_b, grunt_megastairs_3,
          serial_bayou_shore_b
Lair:4:   layout_misc_corridors, uniq_josephine, uniq_sonja
Lair:5:   due_jungle_book, layout_loops_ring, minmay_slime_entry_pillars,
          infiniplex_staircase_pool_2
Swamp:1:  layout_basic_swamp, evilmike_swamp_ruin_house_3, swamp_pool2,
          hangedman_swamp_blocks, hangedman_swamp_dais,
          infiniplex_staircase_pool, uniq_donald, uniq_louise
Swamp:2:  nicolae_swamp_tree_isthmus, layout_basic_swamp,
          portal_ice_cave_entry_dragon, evilmike_swamp_ruin_house_6
Swamp:3:  layout_falls_marsh, evilmike_swamp_ruin_rubble_1
Swamp:4:  swamp_pestilence, layout_basic_swamp, swamp_pool3,
          hangedman_swamp_cone, roderic_carrion_pond, uniq_kirke
Snake:1:  layout_chambers, nicolae_snake_bzzzt, grunt_megastairs_5, uniq_aizul
Snake:2:  cheibrodos_snake_lava_hold, layout_onion_interference,
          nicolae_snake_springs, uniq_agnes
Snake:3:  layout_chambers, lemuel_fruit_tree, uniq_asterion
Snake:4:  snake_pit, layout_rooms, nicolae_shop_unique_rings, minmay_shop_grove,
          serial_bayou_shore_b, uniq_bai_suzhen
Orc:1:    layout_caves, nicolae_volcano_entry_vermiform
Orc:2:    st_orc_town, layout_diamond_mine, uniq_urug
Elf:1:    elf_arrival_001, layout_onion_city, serial_shops, shop,
          nicolae_elf_glass_and_crystal_pillar_1, minmay_shop_star
Elf:2:    elven_hall_of_blades_hangedman_original
          [nicolae_blade_entry_hurt_lockers], layout_geoelf_octagon,
          nicolae_elf_big_sculpture_2

Skill      XL: |  1  2  3  4  5  6  7  8  9 10 11 12 13 14 15 16 17 18 19 |
---------------+----------------------------------------------------------+-----
Dodging        | 2 3 4 5 6 7 8 9 10 11 12 13 | 13.0
Fighting       | 2 3 4 5 7 8 9 10 11 12 13 14 15 | 15.3
Spellcasting   | 3 4 5 6 7 8 9 10 11 12 13 | 13.0
Transmutations | 3 4 5 6 7 8 9 10 11 12 13 15 | 15.2
Unarmed Combat | 4 5 6 7 8 9 10 11 12 13 14 | 14.2
Poison Magic   | 3 7 9 11 12 13 14 | 14.7
Evocations     | 2 4 5 |  5.1
Earth Magic    | 6 10 12 14 | 14.4
Conjurations   | 4 |  4.0
Invocations    | 2 5 |  5.0

Action                     |  1- 3 |  4- 6 |  7- 9 | 10-12 | 13-15 | 16-18 | 19-21 || total
---------------------------+-------+-------+-------+-------+-------+-------+-------++-------
  Melee: Unarmed           |   119 |    69 |   415 |   410 |   883 |   776 |    17 ||  2689
         Kick              |    21 |    14 |    47 |     8 |    29 |       |       ||   119
         Headbutt          |    17 |     6 |    28 |     6 |    20 |       |       ||    77
         Tailslap          |     7 |     6 |    25 |    11 |   143 |   171 |     3 ||   366
         Punch             |     2 |     3 |     8 |     4 |    71 |    82 |       ||   170
         Bite              |       |       |       |       |       |    14 |     4 ||    18
  Throw: Dart              |     2 |    13 |    50 |    64 |   104 |    56 |       ||   289
   Cast: Beastly Appendage |    37 |    17 |    27 |     5 |     2 |       |       ||    88
         Wereblood         |     6 |     5 |    21 |    25 |    29 |    25 |     1 ||   112
         Spider Form       |       |     1 |    24 |     9 |       |       |       ||    34
         Ice Form          |       |       |     3 |    40 |    30 |     2 |       ||    75
         Alistair's Intoxi |       |       |       |     5 |    37 |    22 |     1 ||    65
         Eringya's Noxious |       |       |       |       |    68 |    67 |     3 ||   138
         Yara's Violent Un |       |       |       |       |    15 |    11 |       ||    26
         Stone Arrow       |       |       |       |       |    19 |    67 |       ||    86
         Blade Hands       |       |       |       |       |       |    65 |       ||    65
         Irradiate         |       |       |       |       |       |     3 |       ||     3
         Dragon Form       |       |       |       |       |       |    19 |     1 ||    20
 Invoke: Recall Ancestor   |       |       |       |     2 |     6 |     9 |       ||    17
         Ancestor Life: Kn |       |       |       |     1 |       |       |       ||     1
         Idealise          |       |       |       |       |     1 |     1 |       ||     2
Ability: Breathe Noxious F |       |       |    15 |    27 |    55 |    52 |     1 ||   150
         End Transformatio |       |       |     2 |     6 |     4 |     3 |       ||    15
  Evoke: Wand              |       |       |     5 |    13 |     2 |    15 |       ||    35
         Lightning rod     |       |       |       |       |     8 |    12 |       ||    20
    Use: Scroll            |     2 |     2 |     1 |    11 |    16 |    14 |     1 ||    47
         Potion            |       |       |       |     7 |     4 |     6 |     1 ||    18
   Stab: Sleeping          |     1 |     1 |     1 |       |       |     2 |       ||     5
         Confused          |       |       |     5 |    20 |    16 |    13 |     1 ||    55
         Distracted        |       |       |       |       |     3 |    11 |       ||    14
         Petrifying        |       |       |       |       |     1 |       |       ||     1
         Invisible         |       |       |       |       |       |     2 |       ||     2
         Paralysed         |       |       |       |       |       |     1 |       ||     1
 Armour: Skin              |    31 |    17 |    75 |   113 |   242 |   305 |     4 ||   787
  Dodge: Dodged            |    68 |    45 |   263 |   307 |   635 |   608 |    11 ||  1937
